 Dungeon Sprint DCSS version 0.16-a0-1183-g5b05a17 (webtiles) character file.

95 Ololoev the Ruffian (level 4, -6/45 HPs)
             Began as a Troll Berserker on Oct 10, 2014.
             Was a Priest of Trog.
             Mangled by a water elemental (14 damage)
             ... in the Dungeon (Sprint III: "The Ten Rune Challenge").
             The game lasted 00:02:06 (262 turns).

Ololoev the Ruffian (Troll Berserker)                Turns: 262, Time: 00:02:07

Health: -6/45      AC:  8    Str: 26    XL:     4   Next: 39%
Magic:  2/2        EV:  9    Int:  3    God:    Trog [***...]
Gold:   31         SH:  0    Dex:  9    Spells: 0 memorised, 3 levels left

rFire  . . .     SeeInvis .       - Unarmed
rCold  . . .     Clarity  .     b - +0 animal skin
rNeg   . . .     SustAb   .     (shield restricted)
rPois  .         Gourm    +     (helmet restricted)
rElec  .         Spirit   .     (no cloak)
rCorr  .         Warding  .     (gloves unavailable)
rMut   .         NoTele   +     (boots unavailable)
MR     .....                    (no amulet)
Stlth  +.........               (no ring)
                                (no ring)

@: engulfed (cannot breathe), not resistant to hostile enchantments, very
unstealthy
A: unfitting armour, claws 3, hooves 1, rugged brown scales 1, slimy green
scales 1, blink 1, blurry vision 1, fast metabolism 3, gourmand, regeneration 2,
saprovore 2, shaggy fur 1, tough skin 2
a: Blink, Burn Spellbooks, Berserk, Trog's Hand, Renounce Religion


You were in the Dungeon.
You worshipped Trog.
Trog was most pleased with you.
You were not hungry.

You visited 1 branch You collected 31 gold pieces.

Inventory:

Missiles
 j - 25 stones (quivered)
Armour
 b - a +0 animal skin (worn)
Magical devices
 i - a wand of flame (31)
Comestibles
 a - a meat ration
 n - 2 royal jellies
Scrolls
 h - a scroll of blinking
 l - 2 scrolls of torment
 m - 4 scrolls of remove curse
Potions
 c - a potion of curing
 d - a potion of heal wounds
 e - 2 potions of haste
 f - 2 potions of magic
 g - a potion of berserk rage
 o - 2 potions of cure mutation
 p - 3 potions of flight


   Skills:
 - Level 2.4 Fighting
 + Level 5.4 Throwing
 - Level 1.5 Armour
 - Level 1.5 Dodging
 + Level 6.9 Unarmed Combat


You had 3 spell levels left.
You didn't know any spells.

Dungeon Overview and Level Annotations

Branches:
Dungeon (1/1)

Altars:


Innate Abilities, Weirdness & Mutations

You are too large for most types of armour.
You have claws for hands.
Your metabolism is lightning-fast.
You like to eat raw meat.
You heal very quickly.
You can eat rotten meat.
You are covered in fur (AC +1).
You have very tough skin (AC +2).
You have large cloven feet.
You are partially covered in rugged brown scales (AC +1, +3% HP).
You are partially covered in slimy green scales (AC +2).
You can translocate small distances at will.
Your vision is a little blurry.


Message History

The water elemental hits you!!
The water elemental engulfs you in water!
You barely miss the water elemental.
You kick the water elemental, but do no damage.
The water elemental is heavily damaged.
Your lungs strain for air!
The water elemental barely misses you.
You scratch the water elemental.
You kick the water elemental, but do no damage.
The water elemental is severely damaged.
Your lungs strain for air!
The water elemental hits you.
You scratch the water elemental but do no damage.
You kick the water elemental, but do no damage.
Your claw misses the water elemental.
The water elemental is severely damaged.
* * * LOW HITPOINT WARNING * * *
Your lungs strain for air!
The water elemental hits you!
You die...

▓▓▓▓▓▓▓▓▓▓ ▓▓▓
<.#..'...♣♣♣♣ ♣.#
..#..#......♣ ♣♣.#
#'####......♣ ♣..#
.....#....≈♣♣♣♣..#
.....#...≈≈♣♣♣..@#
.....#..≈≈≈≈...♣.E.⌠.....
####)#..≈≈≈≈≈≈.♣.#...###
.....#.≈≈≈≈≈≈....#.⌠.#
.....#.≈≈≈≈≈.....# ..#
.....#.≈≈≈.......# ###
'#####...........#
.................#
▓▓▓▓▓▓▓▓▓▓▓▓▓▓▓▓▓▓


You could see a water elemental.

Vanquished Creatures
  A scorpion (D)
  A human (D)
  Jessica (D)
  A giant mite (D)
  2 oozes (D)
6 creatures vanquished.

Vanquished Creatures (others)
  A draconian scorcher (D)
1 creature vanquished.

Grand Total: 7 creatures vanquished

Notes
Turn   | Place    | Note
--------------------------------------------------------------
     0 | D        | Ololoev, the Troll Berserker, began the quest for the Orb.
     0 | D        | Reached XP level 1. HP: 22/22 MP: 1/1
     4 | D        | Reached skill level 1 in Throwing
    11 | D        | Noticed Jessica
    18 | D        | Acquired Trog's second power
    18 | D        | Reached skill level 4 in Unarmed Combat
    18 | D        | Reached XP level 2. HP: 23/29 MP: 1/1
    21 | D        | Killed Jessica
    21 | D        | Reached skill level 5 in Unarmed Combat
    21 | D        | Reached XP level 3. HP: 19/36 MP: 2/2
   132 | D        | Noticed a scorpion
   155 | D        | Killed a scorpion
   155 | D        | Reached skill level 5 in Throwing
   155 | D        | Reached skill level 6 in Unarmed Combat
   155 | D        | Reached XP level 4. HP: 23/44 MP: 2/2
   227 | D        | Killed a white draconian scorcher
   238 | D        | Gained mutation: You are partially covered in slimy green scales (AC +2). [potion of mutation]
   238 | D        | Gained mutation: You can translocate small distances at will. [potion of mutation]
   239 | D        | Gained mutation: You have a pair of small horns on your head. [potion of mutation]
   239 | D        | Gained mutation: You are partially covered in rugged brown scales (AC +1, +3% HP). [potion of mutation]
   239 | D        | Gained mutation: You have large cloven feet. [potion of mutation]
   240 | D        | Lost mutation: You have a pair of small horns on your head. [potion of mutation]
   240 | D        | Gained mutation: Your vision is a little blurry. [potion of mutation]
   256 | D        | Noticed a water elemental
   262 | D        | Mangled by a water elemental

Action                   |  1- 3 |  4- 6 || total
-------------------------+-------+-------++-------
Melee: Unarmed           |    20 |     5 ||    25
Throw: Stone             |     1 |       ||     1
Invok: Berserk           |     2 |       ||     2
  Use: Scroll            |       |     3 ||     3
       Potion            |       |     3 ||     3
  Eat: Meat ration       |       |     1 ||     1
